Harfangs vs Atomiques
Created - 10 février 2014 at 19:18
Goals
|
| Harfangs |
2 |
0 |
1 |
0 |
2 |
4 |
| Atomiques |
1 |
1 |
1 |
0 |
1 |
3 |
|
Shots
|
| Harfangs |
9 |
8 |
13 |
0 |
3 |
30 |
| Atomiques |
4 |
17 |
11 |
2 |
3 |
34 |
|
1st period
1. Harfangs , Pavel Vorobiev 24 (Petri Kontiola) at 14:03
2. Atomiques , Ryan Shannon 15 (Brad Winchester, Drew Larman) at 14:42
3. Harfangs , Pavel Vorobiev 25 (Petri Kontiola, Alex Killorn) at 16:30
Penalties :
Alex Killorn (BEA) for Hooking (Minor) at 18:33
2nd period
4. Atomiques , Alexandre Daigle 33 (Brandon Dubinsky) at 13:23 (PP)
Penalties :
Victor Bartley (BEA) for Holding (Minor) at 9:43, Luca Caputi (BEA) for Delaying the game (Minor) at 13:19, James Wisniewski (BEA) for Holding Stick (Minor) at 14:11
3rd period
5. Atomiques , Drew Larman 4 (John Carlson, Brad Winchester) at 17:27 (PP)
6. Harfangs , Stefan Ruzicka 25 (Peter Olvecky) at 18:02
Penalties :
Luke Schenn (STB) for Diving (Minor) at 0:25, John Carlson (STB) for Hooking (Minor) at 10:47, Alex Plante (BEA) for Roughing (Minor) at 17:11
Overtime #1
No Goal
Penalties :
No Penalty
Shootout
Penalty Shot by Pavel Vorobiev for Harfangs - Goal!
Penalty Shot by Brad Winchester for Atomiques - Goal!
Penalty Shot by Boyd Gordon for Harfangs - Stopped by Andrew Raycroft
Penalty Shot by Alexandre Daigle for Atomiques - Shot Misses the Net
Penalty Shot by Matt Keith for Harfangs - Goal!
Penalty Shot by Ryan Shannon for Atomiques - Stopped by Ray Emery
Penalties :
No Penalty
Goalie Stats
Ray Emery (BEA), 31 saves from 34 shots - (0,912), W, 22-10-5, 65:00 minutes
Andrew Raycroft (STB), 27 saves from 30 shots - (0,900), OTL, 13-13-6, 65:00 minutes
Players Stats for Harfangs
Player Name G A P +/- PIM S H SB GA TA FO MP PP MP PK MP
------------------------------------------------------------------------------------
Alex Killorn 0 1 1 1 2 4 4 1 0 1 13/27 18:56 1:58 0:00
Alex Plante 0 0 0 0 2 0 0 1 0 1 0/0 14:18 0:00 1:31
Angelo Esposito 0 0 0 0 0 0 0 0 0 0 0/0 9:48 1:48 0:00
Boyd Gordon 0 0 0 0 0 3 2 0 0 1 1/3 11:44 0:12 2:03
Brian Lashoff 0 0 0 0 0 2 0 0 1 1 0/0 19:20 1:32 0:34
Dustin Jeffrey 0 0 0 2 0 1 2 0 0 0 1/1 15:10 0:12 0:21
James Wisniewski 0 0 0 2 2 4 2 4 1 0 0/0 29:45 2:26 2:41
Luca Caputi 0 0 0 -1 2 0 1 0 0 0 0/1 11:12 0:00 0:00
Matt Keith 0 0 0 -1 0 2 0 0 0 0 0/0 12:01 0:00 0:00
Michal Repik 0 0 0 0 0 2 1 0 0 0 0/0 8:12 0:00 0:00
Nick Holden 0 0 0 0 0 0 3 0 0 1 0/0 25:35 1:32 2:52
Pavel Vorobiev 2 0 2 2 0 3 2 1 0 1 2/3 21:40 1:48 3:59
Peter Olvecky 0 1 1 1 0 1 1 0 0 0 2/2 21:10 1:58 1:57
Petri Kontiola 0 2 2 2 0 3 1 2 0 0 8/21 21:18 1:48 4:00
Sasha Pokulok 0 0 0 0 0 0 0 1 0 0 0/0 15:55 0:00 3:01
Stefan Ruzicka 1 0 1 1 0 4 3 0 2 2 0/0 19:12 2:10 0:00
Stephane Da Costa 0 0 0 -1 0 0 1 0 0 0 3/6 12:41 0:00 0:14
Victor Bartley 0 0 0 2 2 1 1 3 1 0 0/0 25:41 2:26 1:55
Players Stats for Atomiques
Player Name G A P +/- PIM S H SB GA TA FO MP PP MP PK MP
------------------------------------------------------------------------------------
Alexandre Daigle 1 0 1 -1 0 7 0 0 3 0 2/4 24:40 3:37 2:08
Andrew Kozek 0 0 0 0 0 0 2 0 0 0 0/0 9:45 0:00 1:16
Anthony Nigro 0 0 0 0 0 0 1 0 0 0 2/5 7:53 0:00 0:00
Brad Winchester 0 2 2 0 0 2 2 0 1 0 1/1 16:59 2:40 0:41
Brandon Dubinsky 0 1 1 -1 0 5 6 0 1 0 21/34 24:42 3:37 2:08
Brendon Nash 0 0 0 -3 0 0 4 1 0 0 0/0 21:56 2:20 2:18
Brett Sutter 0 0 0 -1 0 0 2 0 0 0 5/7 12:15 0:00 0:15
Casey Borer 0 0 0 0 0 1 1 0 0 0 0/0 14:26 0:00 1:16
Drew Larman 1 1 2 0 0 1 2 0 0 0 2/10 17:43 2:40 0:44
Janne Niinimaa 0 0 0 0 0 2 1 1 0 1 0/0 14:37 0:00 1:30
John Carlson 0 1 1 -3 2 0 2 0 0 1 0/0 25:15 3:57 0:51
John Zeiler 0 0 0 -1 0 2 0 1 1 0 0/0 11:49 0:00 0:00
Kenndal McArdle 0 0 0 -1 0 1 2 0 0 0 0/0 13:11 0:00 0:00
Linus Omark 0 0 0 -1 0 4 1 0 0 1 1/3 21:43 3:37 0:44
Luke Schenn 0 0 0 1 2 1 1 2 0 1 0/0 23:47 2:20 0:00
Mattias Ohlund 0 0 0 1 0 4 2 0 0 1 0/0 30:11 3:57 2:01
Nick Johnson 0 0 0 0 0 2 2 0 0 0 0/0 9:15 0:00 0:00
Ryan Shannon 1 0 1 0 0 2 2 2 2 0 0/0 15:53 2:40 0:00
3 Stars
1 - Pavel Vorobiev (BEA)
2 - Drew Larman (STB)
3 - Petri Kontiola (BEA)
Power Play
Harfangs - 0 on 2 Attempt(s) - 0,00%
Atomiques - 2 on 5 Attempt(s) - 40,00%
Penalty Kill
Harfangs - 3 on 5 Attempt(s) - 60,00%
- Score 0 goal in Penalty Kill
Atomiques - 2 on 2 Attempt(s) - 100,00%
- Score 0 goal in Penalty Kill
Official
Referees : Pollock Kevin and Kowal Tom
Linesman : Mark Shewchyk and Derek Nansen
Game Notes
No Game Note
Finance
Level 1 -- Attendance: 1295 (64,75%) -- Ticket Income 45 325 $
Level 2 -- Attendance: 777 (77,70%) -- Ticket Income 11 655 $
Total Attendance: 2072 (69,07%)
Total Ticket Income: 56 980 $
Other Income: 2 849 $
Total Income: 59 829 $
Harfangs
5 vs 5 Forward
Center Left Wing Right Wing Time % Phy DF OF
1 Alex Killorn Peter Olvecky Stefan Ruzicka 40 1 2 2
2 Petri Kontiola Dustin Jeffrey Pavel Vorobiev 30 1 2 2
3 Stephane Da Costa Luca Caputi Matt Keith 20 1 2 2
4 Boyd Gordon Angelo Esposito Michal Repik 10 1 2 2
5 vs 5 Defense
Defense Defense Time % Phy DF OF
1 James Wisniewski Victor Bartley 40 1 2 2
2 Brian Lashoff Nick Holden 30 1 2 2
3 Sasha Pokulok Alex Plante 20 1 2 2
4 James Wisniewski Nick Holden 10 1 2 2
PowerPlay Forward
Center Left Wing Right Wing Time % Phy DF OF
1 Alex Killorn Peter Olvecky Stefan Ruzicka 60 1 2 2
2 Petri Kontiola Angelo Esposito Pavel Vorobiev 40 1 2 2
PowerPlay Defense
Defense Defense Time % Phy DF OF
1 James Wisniewski Victor Bartley 60 1 2 2
2 Nick Holden Brian Lashoff 40 1 2 2
Penalty Kill 4 Players Forward
Center Wing Time % Phy DF OF
1 Petri Kontiola Pavel Vorobiev 60 1 2 2
2 Boyd Gordon Peter Olvecky 40 1 2 2
Penalty Kill 4 Players Defense
Defense Defense Time % Phy DF OF
1 James Wisniewski Nick Holden 60 1 2 2
2 Victor Bartley Sasha Pokulok 40 1 2 2
Penalty Kill - 3 Players Forward
Forward Time % Phy DF OF
1 Petri Kontiola 60 1 2 2
2 Boyd Gordon 40 1 2 2
Penalty Kill - 3 Players Defense
Defense Defense Time % Phy DF OF
1 James Wisniewski Nick Holden 60 1 2 2
2 Victor Bartley Sasha Pokulok 40 1 2 2
4 vs 4 Forward
Center Wing Time % Phy DF OF
1 Alex Killorn Stefan Ruzicka 60 1 2 2
2 Petri Kontiola Pavel Vorobiev 40 1 2 2
4 vs 4 Defense
Defense Defense Time % Phy DF OF
1 James Wisniewski Nick Holden 60 1 2 2
2 Brian Lashoff Victor Bartley 40 1 2 2
Last Minutes Offensive
Center Left Wing Right Wing Defense Defense
Petri Kontiola Peter Olvecky Stefan Ruzicka James Wisniewski Sasha Pokulok
Last Minutes Defensive
Center Left Wing Right Wing Defense Defense
Boyd Gordon Peter Olvecky Pavel Vorobiev James Wisniewski Sasha Pokulok
Goaltenders
Starting : Ray Emery
Backup : Marek Schwarz
Extra Forwards
Normal : Pavel Vorobiev, Stefan Ruzicka, Alex Killorn - PP : Pavel Vorobiev, Stefan Ruzicka - PK : Pavel Vorobiev
Extra Defensemen
Normal : James Wisniewski, Nick Holden, Victor Bartley - PP : James Wisniewski - PK : James Wisniewski, Sasha Pokulok
Penalty Shots
Pavel Vorobiev, Boyd Gordon, Matt Keith, James Wisniewski, Petri Kontiola
Atomiques
5 vs 5 Forward
Center Left Wing Right Wing Time % Phy DF OF
1 Brandon Dubinsky Linus Omark Alexandre Daigle 40 1 2 2
2 Drew Larman Brad Winchester Ryan Shannon 30 1 2 2
3 Brett Sutter Kenndal McArdle John Zeiler 20 1 2 2
4 Anthony Nigro Andrew Kozek Nick Johnson 10 1 2 2
5 vs 5 Defense
Defense Defense Time % Phy DF OF
1 Mattias Ohlund Luke Schenn 40 1 2 2
2 John Carlson Brendon Nash 30 1 2 2
3 Casey Borer Janne Niinimaa 20 1 2 2
4 Mattias Ohlund John Carlson 10 1 2 2
PowerPlay Forward
Center Left Wing Right Wing Time % Phy DF OF
1 Brandon Dubinsky Linus Omark Alexandre Daigle 60 1 2 2
2 Drew Larman Brad Winchester Ryan Shannon 40 1 2 2
PowerPlay Defense
Defense Defense Time % Phy DF OF
1 Mattias Ohlund John Carlson 60 1 2 2
2 Luke Schenn Brendon Nash 40 1 2 2
Penalty Kill 4 Players Forward
Center Wing Time % Phy DF OF
1 Brandon Dubinsky Alexandre Daigle 60 1 2 2
2 Drew Larman Linus Omark 40 1 2 2
Penalty Kill 4 Players Defense
Defense Defense Time % Phy DF OF
1 Mattias Ohlund John Carlson 60 1 2 2
2 Luke Schenn Brendon Nash 40 1 2 2
Penalty Kill - 3 Players Forward
Forward Time % Phy DF OF
1 Brad Winchester 60 1 2 2
2 Alexandre Daigle 40 1 2 2
Penalty Kill - 3 Players Defense
Defense Defense Time % Phy DF OF
1 Mattias Ohlund John Carlson 60 1 2 2
2 Luke Schenn Brendon Nash 40 1 2 2
4 vs 4 Forward
Center Wing Time % Phy DF OF
1 Brandon Dubinsky Alexandre Daigle 60 1 2 2
2 Drew Larman Linus Omark 40 1 2 2
4 vs 4 Defense
Defense Defense Time % Phy DF OF
1 Mattias Ohlund John Carlson 60 1 2 2
2 Luke Schenn Brendon Nash 40 1 2 2
Last Minutes Offensive
Center Left Wing Right Wing Defense Defense
Brandon Dubinsky Brad Winchester Alexandre Daigle Mattias Ohlund John Carlson
Last Minutes Defensive
Center Left Wing Right Wing Defense Defense
Brandon Dubinsky Brad Winchester Alexandre Daigle Mattias Ohlund John Carlson
Goaltenders
Starting : Andrew Raycroft
Backup : Curtis McElhinney
Extra Forwards
Normal : Nick Johnson, Kenndal McArdle, Andrew Kozek - PP : Nick Johnson, Kenndal McArdle - PK : Andrew Kozek
Extra Defensemen
Normal : Luke Schenn, Brendon Nash, Janne Niinimaa - PP : Luke Schenn - PK : Brendon Nash, Janne Niinimaa
Penalty Shots
Brad Winchester, Alexandre Daigle, Ryan Shannon, John Zeiler, Linus Omark
% Time on Ice - Harfangs
Lines # - Real PCT - Wanted PCT - Time Play
Normal Forward
1 - 32% - 40% - 15:56
2 - 29% - 30% - 14:24
3 - 23% - 20% - 11:13
4 - 16% - 10% - 8:12
Normal Defense
1 - 42% - 40% - 20:43
2 - 30% - 30% - 15:09
3 - 23% - 20% - 11:35
4 - 5% - 10% - 2:18
PP Forward
1 - 55% - 60% - 2:10
2 - 45% - 40% - 1:48
PP Defense
1 - 61% - 60% - 2:26
2 - 39% - 40% - 1:32
PK Forward
1 - 79% - 60% - 4:59
2 - 21% - 40% - 1:18
PK Defense
1 - 46% - 60% - 2:52
2 - 54% - 40% - 3:25
PK3 Forward
1 - 0% - 60%
2 - 0% - 40%
PK3 Defense
1 - 0% - 60%
2 - 0% - 40%
44 Forward
1 - 83% - 60% - 4:08
2 - 17% - 40% - 0:52
44 Defense
1 - 58% - 60% - 2:55
2 - 42% - 40% - 2:05
Last Minute Offensive - 0:00
Last Minute Defensive - 0:00
Total
Forward - 65:00
Defense - 65:00
|
% Time on Ice - Atomiques
Lines # - Real PCT - Wanted PCT - Time Play
Normal Forward
1 - 33% - 40% - 16:30
2 - 27% - 30% - 13:33
3 - 24% - 20% - 11:49
4 - 16% - 10% - 7:53
Normal Defense
1 - 39% - 40% - 19:11
2 - 30% - 30% - 14:59
3 - 26% - 20% - 13:07
4 - 5% - 10% - 2:28
PP Forward
1 - 58% - 60% - 3:37
2 - 42% - 40% - 2:40
PP Defense
1 - 63% - 60% - 3:57
2 - 37% - 40% - 2:20
PK Forward
1 - 82% - 60% - 3:14
2 - 18% - 40% - 0:44
PK Defense
1 - 71% - 60% - 2:50
2 - 29% - 40% - 1:08
PK3 Forward
1 - 0% - 60%
2 - 0% - 40%
PK3 Defense
1 - 0% - 60%
2 - 0% - 40%
44 Forward
1 - 78% - 60% - 3:54
2 - 22% - 40% - 1:06
44 Defense
1 - 62% - 60% - 3:07
2 - 38% - 40% - 1:53
Last Minute Offensive - 0:00
Last Minute Defensive - 0:00
Total
Forward - 65:00
Defense - 65:00
|
Play by Play
1st period
0:01 of 1st period - Alex Killorn wins face-off versus Brandon Dubinsky in neutral zone.
0:11 of 1st period - Alexandre Daigle is hit by Peter Olvecky and loses puck.
0:38 of 1st period - Victor Bartley is hit by Brandon Dubinsky.
1:15 of 1st period - Snap shot by Boyd Gordon.
1:15 of 1st period - Stopped by Andrew Raycroft with a rebound.
1:59 of 1st period - Off-side.
2:00 of 1st period - Brett Sutter wins face-off versus Petri Kontiola in neutral zone.
2:25 of 1st period - Victor Bartley is hit by Drew Larman.
2:31 of 1st period - Wrist shot by Stefan Ruzicka.
2:31 of 1st period - Shot Misses the Net.
3:11 of 1st period - Snap shot by Michal Repik.
3:11 of 1st period - Shot Misses the Net.
3:27 of 1st period - Snap shot by John Zeiler.
3:27 of 1st period - Shot Misses the Net.
3:54 of 1st period - Brad Winchester is hit by Alex Killorn and loses puck.
4:00 of 1st period - Icing by Brendon Nash.
4:01 of 1st period - Petri Kontiola wins face-off versus Drew Larman in Atomiques zone.
4:10 of 1st period - Snap shot by Petri Kontiola.
4:10 of 1st period - Stopped by Andrew Raycroft without a rebound.
4:11 of 1st period - Petri Kontiola wins face-off versus Brandon Dubinsky in Atomiques zone.
4:22 of 1st period - Snap shot by Brandon Dubinsky.
4:22 of 1st period - Deflect By Alexandre Daigle.
4:22 of 1st period - Shot Hit the Post.
4:22 of 1st period - Puck is out of play.
4:23 of 1st period - Brandon Dubinsky wins face-off versus Alex Killorn in Harfangs zone.
4:26 of 1st period - Snap shot by Linus Omark.
4:26 of 1st period - Shot Misses the Net.
4:49 of 1st period - James Wisniewski is hit by Kenndal McArdle and loses puck.
4:56 of 1st period - Snap shot by John Zeiler.
4:56 of 1st period - Shot Misses the Net.
5:00 of 1st period - Wrist shot by John Zeiler.
5:00 of 1st period - Stopped by Ray Emery with a rebound.
5:02 of 1st period - Wrist shot by John Zeiler.
5:02 of 1st period - Shot Misses the Net.
6:04 of 1st period - Wrist shot by Michal Repik.
6:04 of 1st period - Stopped by Andrew Raycroft with a rebound.
6:58 of 1st period - Slapshot by Janne Niinimaa.
6:58 of 1st period - Stopped by Ray Emery with a rebound.
7:08 of 1st period - Snap shot by Stefan Ruzicka.
7:08 of 1st period - Stopped by Andrew Raycroft without a rebound.
7:09 of 1st period - Alex Killorn wins face-off versus Anthony Nigro in Atomiques zone.
7:34 of 1st period - Brandon Dubinsky is hit by Dustin Jeffrey and loses puck.
7:41 of 1st period - Snap shot by Petri Kontiola.
7:41 of 1st period - Stopped by Andrew Raycroft without a rebound.
7:42 of 1st period - Petri Kontiola wins face-off versus Brandon Dubinsky in Atomiques zone.
7:45 of 1st period - Snap shot by Pavel Vorobiev.
7:45 of 1st period - Deflect By Petri Kontiola.
7:45 of 1st period - Shot Blocked by Luke Schenn.
7:45 of 1st period - Puck is out of play.
7:46 of 1st period - Alexandre Daigle wins face-off versus Pavel Vorobiev in Atomiques zone.
7:46 of 1st period - Alexandre Daigle is hit by Pavel Vorobiev.
7:49 of 1st period - Icing by Brandon Dubinsky.
7:50 of 1st period - Brandon Dubinsky wins face-off versus Petri Kontiola in Atomiques zone.
8:12 of 1st period - Snap shot by Linus Omark.
8:12 of 1st period - Deflect By Petri Kontiola.
8:12 of 1st period - Shot Blocked by Pavel Vorobiev.
8:12 of 1st period - Puck is out of play.
8:13 of 1st period - Alex Killorn wins face-off versus Drew Larman in Harfangs zone.
9:09 of 1st period - Snap shot by Boyd Gordon.
9:09 of 1st period - Deflect By Michal Repik.
9:09 of 1st period - Stopped by Andrew Raycroft with a rebound.
9:16 of 1st period - Off-side.
9:17 of 1st period - Brandon Dubinsky wins face-off versus Alex Killorn in neutral zone.
9:26 of 1st period - Linus Omark is hit by Stefan Ruzicka and loses puck.
12:19 of 1st period - Peter Olvecky is hit by Brad Winchester and loses puck.
12:55 of 1st period - Alexandre Daigle is hit by Alex Killorn and loses puck.
13:04 of 1st period - Icing by Stefan Ruzicka.
13:05 of 1st period - Alex Killorn wins face-off versus Drew Larman in Harfangs zone.
13:30 of 1st period - Linus Omark is hit by James Wisniewski and loses puck.
14:03 of 1st period - Slapshot by Pavel Vorobiev.
14:03 of 1st period - Goal by Pavel Vorobiev - Harfangs : 1 - Atomiques : 0.
14:04 of 1st period - Brandon Dubinsky wins face-off versus Petri Kontiola in neutral zone.
14:42 of 1st period - Snap shot by Ryan Shannon.
14:42 of 1st period - Goal by Ryan Shannon - Harfangs : 1 - Atomiques : 1.
14:43 of 1st period - Brandon Dubinsky wins face-off versus Petri Kontiola in neutral zone.
14:48 of 1st period - Wrist shot by Brandon Dubinsky.
14:48 of 1st period - Shot Misses the Net.
15:08 of 1st period - Stefan Ruzicka is hit by Brad Winchester and loses puck.
15:35 of 1st period - Wrist shot by John Zeiler.
15:35 of 1st period - Shot Blocked by James Wisniewski.
15:56 of 1st period - Icing by Anthony Nigro.
15:57 of 1st period - Alex Killorn wins face-off versus Anthony Nigro in Atomiques zone.
16:00 of 1st period - Snap shot by Peter Olvecky.
16:00 of 1st period - Deflect By Stefan Ruzicka.
16:00 of 1st period - Stopped by Andrew Raycroft without a rebound.
16:01 of 1st period - Brandon Dubinsky wins face-off versus Alex Killorn in Atomiques zone.
16:30 of 1st period - Wrist shot by Pavel Vorobiev.
16:30 of 1st period - Goal by Pavel Vorobiev - Harfangs : 2 - Atomiques : 1.
16:31 of 1st period - Alex Killorn wins face-off versus Alexandre Daigle in neutral zone.
16:34 of 1st period - Wrist shot by Alex Killorn.
16:34 of 1st period - Shot Misses the Net.
16:36 of 1st period - Snap shot by Alex Killorn.
16:36 of 1st period - Shot Misses the Net.
17:07 of 1st period - Wrist shot by Stefan Ruzicka.
17:07 of 1st period - Deflect By Peter Olvecky.
17:07 of 1st period - Shot Blocked by Luke Schenn.
17:07 of 1st period - Puck is out of play.
17:08 of 1st period - Petri Kontiola wins face-off versus Brandon Dubinsky in Atomiques zone.
18:18 of 1st period - Snap shot by John Zeiler.
18:18 of 1st period - Shot Misses the Net.
18:33 of 1st period - Minor Penalty to Alex Killorn for Hooking.
18:34 of 1st period - Petri Kontiola wins face-off versus Brandon Dubinsky in Harfangs zone.
18:47 of 1st period - Wrist shot by Brandon Dubinsky.
18:47 of 1st period - Shot Misses the Net.
18:49 of 1st period - Slapshot by Mattias Ohlund.
18:49 of 1st period - Stopped by Ray Emery with a rebound.
19:18 of 1st period - Off-side.
19:19 of 1st period - Boyd Gordon wins face-off versus Linus Omark in neutral zone.
Goals for this period are 2 for Harfangs vs 1 for Atomiques.
Shots for this period are 9 for Harfangs vs 4 for Atomiques.
2nd period
0:01 of 2nd period - Brandon Dubinsky wins face-off versus Petri Kontiola in neutral zone.
0:08 of 2nd period - Wrist shot by Brandon Dubinsky.
0:08 of 2nd period - Stopped by Ray Emery without a rebound.
0:09 of 2nd period - Brandon Dubinsky wins face-off versus Petri Kontiola in Harfangs zone.
0:24 of 2nd period - Snap shot by Alexandre Daigle.
0:24 of 2nd period - Stopped by Ray Emery with a rebound.
0:26 of 2nd period - Snap shot by Linus Omark.
0:26 of 2nd period - Stopped by Ray Emery with a rebound.
0:33 of 2nd period - Penalty to Alex Killorn is over, Alex Killorn is back on ice.
0:40 of 2nd period - Wrist shot by Linus Omark.
0:40 of 2nd period - Stopped by Ray Emery with a rebound.
0:42 of 2nd period - Wrist shot by Mattias Ohlund.
0:42 of 2nd period - Shot Blocked by James Wisniewski.
0:44 of 2nd period - Slapshot by Mattias Ohlund.
0:44 of 2nd period - Shot Blocked by Alex Killorn.
0:46 of 2nd period - Snap shot by Mattias Ohlund.
0:46 of 2nd period - Stopped by Ray Emery without a rebound.
0:47 of 2nd period - Drew Larman wins face-off versus Alex Killorn in Harfangs zone.
0:56 of 2nd period - Slapshot by Ryan Shannon.
0:56 of 2nd period - Stopped by Ray Emery without a rebound.
0:57 of 2nd period - Peter Olvecky wins face-off versus Drew Larman in Harfangs zone.
0:59 of 2nd period - Icing by Stefan Ruzicka.
1:00 of 2nd period - Brandon Dubinsky wins face-off versus Alex Killorn in Harfangs zone.
1:01 of 2nd period - Snap shot by Alexandre Daigle.
1:01 of 2nd period - Stopped by Ray Emery without a rebound.
1:02 of 2nd period - Brandon Dubinsky wins face-off versus Petri Kontiola in Harfangs zone.
1:13 of 2nd period - Slapshot by Brandon Dubinsky.
1:13 of 2nd period - Stopped by Ray Emery with a rebound.
2:09 of 2nd period - Slapshot by Boyd Gordon.
2:09 of 2nd period - Shot Misses the Net.
2:11 of 2nd period - Slapshot by Brian Lashoff.
2:11 of 2nd period - Stopped by Andrew Raycroft without a rebound.
2:12 of 2nd period - Petri Kontiola wins face-off versus Anthony Nigro in Atomiques zone.
2:27 of 2nd period - Wrist shot by Nick Johnson.
2:27 of 2nd period - Stopped by Ray Emery without a rebound.
2:28 of 2nd period - Brandon Dubinsky wins face-off versus Alex Killorn in Harfangs zone.
2:29 of 2nd period - Snap shot by Alexandre Daigle.
2:29 of 2nd period - Shot Misses the Net.
2:31 of 2nd period - Snap shot by Linus Omark.
2:31 of 2nd period - Shot Blocked by Victor Bartley.
2:33 of 2nd period - Slapshot by Brandon Dubinsky.
2:33 of 2nd period - Stopped by Ray Emery with a rebound.
2:55 of 2nd period - Slapshot by Matt Keith.
2:55 of 2nd period - Stopped by Andrew Raycroft with a rebound.
3:16 of 2nd period - Alexandre Daigle is hit by Dustin Jeffrey and loses puck.
3:55 of 2nd period - Wrist shot by Alexandre Daigle.
3:55 of 2nd period - Stopped by Ray Emery with a rebound.
4:11 of 2nd period - Wrist shot by Linus Omark.
4:11 of 2nd period - Stopped by Ray Emery with a rebound.
4:33 of 2nd period - Slapshot by Sasha Pokulok.
4:33 of 2nd period - Shot Blocked by Brendon Nash.
4:35 of 2nd period - Wrist shot by Boyd Gordon.
4:35 of 2nd period - Stopped by Andrew Raycroft without a rebound.
4:36 of 2nd period - Alex Killorn wins face-off versus Drew Larman in Atomiques zone.
4:53 of 2nd period - Mattias Ohlund is hit by James Wisniewski and loses puck.
6:00 of 2nd period - Petri Kontiola is hit by Janne Niinimaa and loses puck.
6:11 of 2nd period - Brian Lashoff is hit by Nick Johnson and loses puck.
6:49 of 2nd period - Luke Schenn is hit by Alex Killorn and loses puck.
7:02 of 2nd period - Icing by Nick Johnson.
7:03 of 2nd period - Anthony Nigro wins face-off versus Boyd Gordon in Atomiques zone.
7:10 of 2nd period - Snap shot by Janne Niinimaa.
7:10 of 2nd period - Shot Blocked by Sasha Pokulok.
7:26 of 2nd period - Alex Plante is hit by Brendon Nash and loses puck.
7:53 of 2nd period - Pavel Vorobiev is hit by Casey Borer and loses puck.
8:04 of 2nd period - Petri Kontiola is hit by Kenndal McArdle and loses puck.
8:41 of 2nd period - Slapshot by James Wisniewski.
8:41 of 2nd period - Stopped by Andrew Raycroft without a rebound.
8:42 of 2nd period - Drew Larman wins face-off versus Alex Killorn in Atomiques zone.
8:51 of 2nd period - Wrist shot by Peter Olvecky.
8:51 of 2nd period - Shot Misses the Net.
8:57 of 2nd period - Slapshot by Peter Olvecky.
8:57 of 2nd period - Shot Misses the Net.
9:43 of 2nd period - Minor Penalty to Victor Bartley for Holding.
9:44 of 2nd period - Petri Kontiola wins face-off versus Brandon Dubinsky in Harfangs zone.
9:57 of 2nd period - Wrist shot by Alexandre Daigle.
9:57 of 2nd period - Stopped by Ray Emery without a rebound.
9:58 of 2nd period - Brandon Dubinsky wins face-off versus Petri Kontiola in Harfangs zone.
11:43 of 2nd period - Penalty to Victor Bartley is over, Victor Bartley is back on ice.
11:54 of 2nd period - Off-side.
11:55 of 2nd period - Stephane Da Costa wins face-off versus Brett Sutter in neutral zone.
12:20 of 2nd period - John Zeiler is hit by Nick Holden and loses puck.
12:48 of 2nd period - Drew Larman is hit by Pavel Vorobiev and loses puck.
13:09 of 2nd period - Wrist shot by Linus Omark.
13:09 of 2nd period - Shot Misses the Net.
13:11 of 2nd period - Slapshot by Mattias Ohlund.
13:11 of 2nd period - Stopped by Ray Emery with a rebound.
13:19 of 2nd period - Minor Penalty to Luca Caputi for Delaying the game.
13:20 of 2nd period - Brandon Dubinsky wins face-off versus Petri Kontiola in Harfangs zone.
13:21 of 2nd period - Wrist shot by Alexandre Daigle.
13:21 of 2nd period - Stopped by Ray Emery with a rebound.
13:23 of 2nd period - Wrist shot by Alexandre Daigle.
13:23 of 2nd period - Goal by Alexandre Daigle - Harfangs : 2 - Atomiques : 2.
13:24 of 2nd period - Alex Killorn wins face-off versus Brandon Dubinsky in neutral zone.
13:27 of 2nd period - Snap shot by James Wisniewski.
13:27 of 2nd period - Stopped by Andrew Raycroft with a rebound.
13:29 of 2nd period - Snap shot by Alex Killorn.
13:29 of 2nd period - Stopped by Andrew Raycroft with a rebound.
13:40 of 2nd period - Nick Holden is hit by Brandon Dubinsky and loses puck.
13:53 of 2nd period - Slapshot by John Carlson.
13:53 of 2nd period - Shot Blocked by James Wisniewski.
13:55 of 2nd period - Slapshot by Janne Niinimaa.
13:55 of 2nd period - Shot Blocked by James Wisniewski.
13:57 of 2nd period - Backhand shot by Casey Borer.
13:57 of 2nd period - Shot Blocked by Petri Kontiola.
14:11 of 2nd period - Minor Penalty to James Wisniewski for Holding Stick.
14:12 of 2nd period - Pavel Vorobiev wins face-off versus Brandon Dubinsky in Harfangs zone.
14:12 of 2nd period - Pavel Vorobiev is hit by Linus Omark.
14:37 of 2nd period - Victor Bartley is hit by John Carlson and loses puck.
15:06 of 2nd period - Sasha Pokulok is hit by Luke Schenn and loses puck.
16:11 of 2nd period - Penalty to James Wisniewski is over, James Wisniewski is back on ice.
16:15 of 2nd period - Drew Larman is hit by Stephane Da Costa and loses puck.
16:30 of 2nd period - Wrist shot by Stephane Da Costa.
16:30 of 2nd period - Shot Blocked by Ryan Shannon.
17:23 of 2nd period - Snap shot by Brad Winchester.
17:23 of 2nd period - Stopped by Ray Emery without a rebound.
17:24 of 2nd period - Brandon Dubinsky wins face-off versus Petri Kontiola in Harfangs zone.
17:25 of 2nd period - Snap shot by Alexandre Daigle.
17:25 of 2nd period - Shot Misses the Net.
17:51 of 2nd period - Brett Sutter is hit by Boyd Gordon and loses puck.
18:22 of 2nd period - Slapshot by Casey Borer.
18:22 of 2nd period - Shot Misses the Net.
18:32 of 2nd period - Pavel Vorobiev is hit by Andrew Kozek and loses puck.
18:57 of 2nd period - Slapshot by Victor Bartley.
18:57 of 2nd period - Shot Misses the Net.
18:59 of 2nd period - Snap shot by Matt Keith.
18:59 of 2nd period - Stopped by Andrew Raycroft without a rebound.
19:00 of 2nd period - Anthony Nigro wins face-off versus Boyd Gordon in Atomiques zone.
19:15 of 2nd period - Boyd Gordon is hit by Anthony Nigro and loses puck.
19:26 of 2nd period - Snap shot by John Zeiler.
19:26 of 2nd period - Shot Misses the Net.
19:36 of 2nd period - Snap shot by Matt Keith.
19:36 of 2nd period - Shot Blocked by John Zeiler.
19:38 of 2nd period - Slapshot by Boyd Gordon.
19:38 of 2nd period - Stopped by Andrew Raycroft without a rebound.
19:39 of 2nd period - Dustin Jeffrey wins face-off versus Linus Omark in Atomiques zone.
Goals for this period are 0 for Harfangs vs 1 for Atomiques.
Shots for this period are 8 for Harfangs vs 17 for Atomiques.
3rd period
0:01 of 3rd period - Brandon Dubinsky wins face-off versus Alex Killorn in neutral zone.
0:08 of 3rd period - Snap shot by Alexandre Daigle.
0:08 of 3rd period - Deflect By Brandon Dubinsky.
0:08 of 3rd period - Stopped by Ray Emery without a rebound.
0:09 of 3rd period - Peter Olvecky wins face-off versus Brandon Dubinsky in Harfangs zone.
0:14 of 3rd period - Snap shot by Linus Omark.
0:14 of 3rd period - Stopped by Ray Emery without a rebound.
0:15 of 3rd period - Alex Killorn wins face-off versus Brandon Dubinsky in Harfangs zone.
0:25 of 3rd period - Minor Penalty to Luke Schenn for Diving.
0:26 of 3rd period - Brandon Dubinsky wins face-off versus Alex Killorn in Atomiques zone.
0:36 of 3rd period - Slapshot by James Wisniewski.
0:36 of 3rd period - Shot Misses the Net.
1:04 of 3rd period - Snap shot by Victor Bartley.
1:04 of 3rd period - Shot Blocked by Janne Niinimaa.
1:06 of 3rd period - Slapshot by Victor Bartley.
1:06 of 3rd period - Deflect By Brendon Nash.
1:06 of 3rd period - Stopped by Andrew Raycroft with a rebound.
2:25 of 3rd period - Penalty to Luke Schenn is over, Luke Schenn is back on ice.
2:53 of 3rd period - Alex Plante is hit by Ryan Shannon and loses puck.
3:16 of 3rd period - Casey Borer is hit by Luca Caputi and loses puck.
4:13 of 3rd period - Victor Bartley is hit by Brandon Dubinsky and loses puck.
4:55 of 3rd period - Luke Schenn is hit by Michal Repik and loses puck.
5:10 of 3rd period - Slapshot by Mattias Ohlund.
5:10 of 3rd period - Shot Blocked by Alex Plante.
5:23 of 3rd period - Off-side.
5:24 of 3rd period - Brett Sutter wins face-off versus Petri Kontiola in neutral zone.
5:27 of 3rd period - Pavel Vorobiev is hit by Brett Sutter and loses puck.
5:36 of 3rd period - Nick Holden is hit by Brendon Nash and loses puck.
6:24 of 3rd period - Wrist shot by Peter Olvecky.
6:24 of 3rd period - Shot Misses the Net.
6:34 of 3rd period - Slapshot by Janne Niinimaa.
6:34 of 3rd period - Shot Blocked by Victor Bartley.
6:40 of 3rd period - Drew Larman is hit by Victor Bartley and loses puck.
6:57 of 3rd period - Slapshot by Casey Borer.
6:57 of 3rd period - Stopped by Ray Emery with a rebound.
6:59 of 3rd period - Wrist shot by Brett Sutter.
6:59 of 3rd period - Shot Misses the Net.
7:01 of 3rd period - Slapshot by Brett Sutter.
7:01 of 3rd period - Shot Misses the Net.
7:03 of 3rd period - Snap shot by Janne Niinimaa.
7:03 of 3rd period - Deflect By Petri Kontiola.
7:03 of 3rd period - Stopped by Ray Emery without a rebound.
7:04 of 3rd period - Brandon Dubinsky wins face-off versus Alex Killorn in Harfangs zone.
7:05 of 3rd period - Slapshot by Alexandre Daigle.
7:05 of 3rd period - Stopped by Ray Emery without a rebound.
7:06 of 3rd period - Linus Omark wins face-off versus Alex Killorn in Harfangs zone.
8:02 of 3rd period - Victor Bartley is hit by Brendon Nash and loses puck.
8:43 of 3rd period - Slapshot by James Wisniewski.
8:43 of 3rd period - Stopped by Andrew Raycroft with a rebound.
8:45 of 3rd period - Wrist shot by James Wisniewski.
8:45 of 3rd period - Stopped by Andrew Raycroft without a rebound.
8:46 of 3rd period - Alex Killorn wins face-off versus Drew Larman in Atomiques zone.
8:47 of 3rd period - Wrist shot by Peter Olvecky.
8:47 of 3rd period - Deflect By Alex Killorn.
8:47 of 3rd period - Stopped by Andrew Raycroft with a rebound.
8:49 of 3rd period - Snap shot by Alex Killorn.
8:49 of 3rd period - Stopped by Andrew Raycroft with a rebound.
8:51 of 3rd period - Snap shot by Peter Olvecky.
8:51 of 3rd period - Shot Misses the Net.
8:53 of 3rd period - Snap shot by Alex Killorn.
8:53 of 3rd period - Stopped by Andrew Raycroft with a rebound.
8:55 of 3rd period - Snap shot by Peter Olvecky.
8:55 of 3rd period - Stopped by Andrew Raycroft with a rebound.
8:57 of 3rd period - Slapshot by Brian Lashoff.
8:57 of 3rd period - Shot Blocked by Ryan Shannon.
8:59 of 3rd period - Wrist shot by Stefan Ruzicka.
8:59 of 3rd period - Stopped by Andrew Raycroft with a rebound.
9:01 of 3rd period - Slapshot by Brian Lashoff.
9:01 of 3rd period - Stopped by Andrew Raycroft with a rebound.
9:11 of 3rd period - Janne Niinimaa is hit by Nick Holden and loses puck.
9:20 of 3rd period - Snap shot by Brandon Dubinsky.
9:20 of 3rd period - Stopped by Ray Emery without a rebound.
9:21 of 3rd period - Alex Killorn wins face-off versus Alexandre Daigle in Harfangs zone.
9:56 of 3rd period - Wrist shot by Petri Kontiola.
9:56 of 3rd period - Shot Misses the Net.
9:58 of 3rd period - Snap shot by Dustin Jeffrey.
9:58 of 3rd period - Stopped by Andrew Raycroft without a rebound.
9:59 of 3rd period - Brad Winchester wins face-off versus Petri Kontiola in Atomiques zone.
10:06 of 3rd period - Wrist shot by Brad Winchester.
10:06 of 3rd period - Stopped by Ray Emery with a rebound.
10:08 of 3rd period - Slapshot by Luke Schenn.
10:08 of 3rd period - Stopped by Ray Emery with a rebound.
10:10 of 3rd period - Backhand shot by Luke Schenn.
10:10 of 3rd period - Shot Blocked by Petri Kontiola.
10:12 of 3rd period - Snap shot by Mattias Ohlund.
10:12 of 3rd period - Stopped by Ray Emery with a rebound.
10:14 of 3rd period - Snap shot by Drew Larman.
10:14 of 3rd period - Shot Blocked by Victor Bartley.
10:24 of 3rd period - Victor Bartley is hit by Brandon Dubinsky and loses puck.
10:47 of 3rd period - Minor Penalty to John Carlson for Hooking.
10:48 of 3rd period - Alexandre Daigle wins face-off versus Petri Kontiola in Atomiques zone.
11:18 of 3rd period - Wrist shot by Alex Killorn.
11:18 of 3rd period - Shot Misses the Net.
12:47 of 3rd period - Penalty to John Carlson is over, John Carlson is back on ice.
13:19 of 3rd period - John Zeiler is hit by Boyd Gordon and loses puck.
13:51 of 3rd period - Luca Caputi is hit by Drew Larman and loses puck.
14:19 of 3rd period - Pavel Vorobiev is hit by Brett Sutter and loses puck.
14:30 of 3rd period - Nick Holden is hit by Mattias Ohlund and loses puck.
14:45 of 3rd period - Slapshot by Pavel Vorobiev.
14:45 of 3rd period - Stopped by Andrew Raycroft with a rebound.
15:00 of 3rd period - Pavel Vorobiev is hit by Brendon Nash and loses puck.
15:13 of 3rd period - James Wisniewski is hit by Ryan Shannon and loses puck.
15:26 of 3rd period - Casey Borer is hit by Stefan Ruzicka and loses puck.
15:52 of 3rd period - Icing by John Zeiler.
15:53 of 3rd period - Brett Sutter wins face-off versus Stephane Da Costa in Atomiques zone.
16:03 of 3rd period - Off-side.
16:04 of 3rd period - Brandon Dubinsky wins face-off versus Luca Caputi in neutral zone.
16:09 of 3rd period - Luca Caputi is hit by Brandon Dubinsky and loses puck.
16:18 of 3rd period - Slapshot by James Wisniewski.
16:18 of 3rd period - Shot Misses the Net.
16:20 of 3rd period - Backhand shot by James Wisniewski.
16:20 of 3rd period - Shot Misses the Net.
16:30 of 3rd period - Brandon Dubinsky is hit by Stefan Ruzicka and loses puck.
17:11 of 3rd period - Minor Penalty to Alex Plante for Roughing.
17:12 of 3rd period - Petri Kontiola wins face-off versus Drew Larman in Harfangs zone.
17:12 of 3rd period - Petri Kontiola is hit by Mattias Ohlund.
17:27 of 3rd period - Backhand shot by John Carlson.
17:27 of 3rd period - Deflect By Drew Larman.
17:27 of 3rd period - Goal by Drew Larman - Harfangs : 2 - Atomiques : 3.
17:28 of 3rd period - Brett Sutter wins face-off versus Stephane Da Costa in neutral zone.
18:02 of 3rd period - Snap shot by Stefan Ruzicka.
18:02 of 3rd period - Goal by Stefan Ruzicka - Harfangs : 3 - Atomiques : 3.
18:03 of 3rd period - Brett Sutter wins face-off versus Stephane Da Costa in neutral zone.
18:10 of 3rd period - Slapshot by John Zeiler.
18:10 of 3rd period - Stopped by Ray Emery without a rebound.
18:11 of 3rd period - Stephane Da Costa wins face-off versus Brett Sutter in Harfangs zone.
18:18 of 3rd period - Snap shot by Stephane Da Costa.
18:18 of 3rd period - Shot Misses the Net.
18:44 of 3rd period - Wrist shot by Peter Olvecky.
18:44 of 3rd period - Shot Misses the Net.
19:04 of 3rd period - Brad Winchester is hit by Petri Kontiola and loses puck.
19:19 of 3rd period - Snap shot by Dustin Jeffrey.
19:19 of 3rd period - Deflect By Petri Kontiola.
19:19 of 3rd period - Stopped by Andrew Raycroft without a rebound.
19:20 of 3rd period - Stephane Da Costa wins face-off versus Drew Larman in Atomiques zone.
19:21 of 3rd period - Wrist shot by Matt Keith.
19:21 of 3rd period - Shot Misses the Net.
19:45 of 3rd period - Pavel Vorobiev is hit by Andrew Kozek.
Goals for this period are 1 for Harfangs vs 1 for Atomiques.
Shots for this period are 13 for Harfangs vs 11 for Atomiques.
Overtime #1
0:01 of 1st overtime period - Alex Killorn wins face-off versus Brandon Dubinsky in neutral zone.
0:06 of 1st overtime period - Snap shot by Stefan Ruzicka.
0:06 of 1st overtime period - Deflect By John Carlson.
0:06 of 1st overtime period - Shot Misses the Net.
0:06 of 1st overtime period - Puck is out of play.
0:07 of 1st overtime period - Brandon Dubinsky wins face-off versus Alex Killorn in Atomiques zone.
0:21 of 1st overtime period - Icing by Brandon Dubinsky.
0:22 of 1st overtime period - Brandon Dubinsky wins face-off versus Alex Killorn in Atomiques zone.
0:46 of 1st overtime period - Icing by Alex Killorn.
0:47 of 1st overtime period - Alex Killorn wins face-off versus Brandon Dubinsky in Harfangs zone.
1:09 of 1st overtime period - Icing by John Carlson.
1:10 of 1st overtime period - Pavel Vorobiev wins face-off versus Brandon Dubinsky in Atomiques zone.
2:02 of 1st overtime period - Boyd Gordon is hit by Nick Johnson and loses puck.
2:15 of 1st overtime period - Snap shot by Kenndal McArdle.
2:15 of 1st overtime period - Stopped by Ray Emery without a rebound.
2:16 of 1st overtime period - Brandon Dubinsky wins face-off versus Alex Killorn in Harfangs zone.
3:23 of 1st overtime period - Wrist shot by Linus Omark.
3:23 of 1st overtime period - Shot Misses the Net.
3:37 of 1st overtime period - Mattias Ohlund is hit by Alex Killorn and loses puck.
3:44 of 1st overtime period - Brian Lashoff is hit by John Carlson and loses puck.
4:14 of 1st overtime period - Boyd Gordon is hit by Brandon Dubinsky.
4:24 of 1st overtime period - John Carlson is hit by Nick Holden and loses puck.
4:41 of 1st overtime period - Slapshot by Nick Johnson.
4:41 of 1st overtime period - Stopped by Ray Emery with a rebound.
Goals for this period are 0 for Harfangs vs 0 for Atomiques.
Shots for this period are 0 for Harfangs vs 2 for Atomiques.
ShootOut
5:00 of 1st overtime period - Penalty Shot by Pavel Vorobiev for Harfangs.
5:00 of 1st overtime period - Snap shot by Pavel Vorobiev.
5:00 of 1st overtime period - Goal by Pavel Vorobiev.
5:00 of 1st overtime period - Penalty Shot by Brad Winchester for Atomiques.
5:00 of 1st overtime period - Deke by Brad Winchester.
5:00 of 1st overtime period - Goal by Brad Winchester.
5:00 of 1st overtime period - Penalty Shot by Boyd Gordon for Harfangs.
5:00 of 1st overtime period - Deke by Boyd Gordon.
5:00 of 1st overtime period - Stopped by Andrew Raycroft.
5:00 of 1st overtime period - Penalty Shot by Alexandre Daigle for Atomiques.
5:00 of 1st overtime period - Deke by Alexandre Daigle.
5:00 of 1st overtime period - Shot Misses the Net.
5:00 of 1st overtime period - Penalty Shot by Matt Keith for Harfangs.
5:00 of 1st overtime period - Deke by Matt Keith.
5:00 of 1st overtime period - Goal by Matt Keith.
5:00 of 1st overtime period - Penalty Shot by Ryan Shannon for Atomiques.
5:00 of 1st overtime period - Wrist shot by Ryan Shannon.
5:00 of 1st overtime period - Stopped by Ray Emery.
Output by the SimonT Hockey Simulator (STHS) for François Prévost -- Original Page W3C XHTML 1.0 Valid